 Dungeon Crawl Stone Soup version 0.18-a0-116-g2d311b1 (webtiles) character file.

57 Proton the Skirmisher (level 4, -1/42 HPs)
             Began as a Naga Fighter on Nov 16, 2015.
             Slain by Proton's ghost (9 damage)
             ... on level 3 of the Dungeon.
             The game lasted 00:01:59 (1823 turns).

Proton the Skirmisher (Naga Fighter)                Turns: 1823, Time: 00:01:59

Health: -1/42      AC:  4    Str: 19    XL:     4   Next: 0%
Magic:  4/4        EV:  5    Int:  8    God:
Gold:   98         SH:  8    Dex: 11    Spells: 0 memorised, 3 levels left

rFire  . . .     SeeInvis +     a - +0 long sword
rCold  . . .     Clarity  .     b - +0 scale mail
rNeg   . . .     SustAt   .     c - +0 shield
rPois  +         Gourm    .     (no helmet)
rElec  .         Spirit   .     (no cloak)
rCorr  .         Warding  .     (no gloves)
rMut   .         Stasis   .     (no barding)
MR     .....                    (no amulet)
Stlth  ..........               (no ring)
                                (no ring)

@: drained, very slow, not resistant to hostile enchantments, extremely
unstealthy
A: see invisible, deformed body, poison resistance, slowness 2, slow metabolism
1, spit poison 2, AC +1
a: Spit Poison


You were on level 3 of the Dungeon.
You were not hungry.

You visited 1 branch of the dungeon, and saw 3 of its levels.

You collected 98 gold pieces.

Inventory:

Hand Weapons
 a - a +0 long sword (weapon)
Armour
 b - a +0 scale mail (worn)
 c - a +0 shield (worn)
Wands
 q - a wand of draining (7)
Scrolls
 g - 3 scrolls of teleportation {unknown}
 h - a scroll of fog {unknown}
 k - a scroll of blinking {unknown}
 m - 3 scrolls of identify {unknown}
 o - a scroll of recharging {unknown}
Potions
 d - a potion of might
 f - a potion of ambrosia {unknown}
 i - a potion of cure mutation {unknown}
 l - a potion of haste {unknown}
 n - a potion of agility {unknown}
 p - a potion of brilliance {unknown}
Comestibles
 e - a bread ration
 j - 2 royal jellies


   Skills:
 + Level 3.2(2.8) Fighting
 * Level 3.1(2.7) Long Blades
 + Level 2.6(2.2) Armour
 + Level 0.2(0.0) Dodging
 + Level 1.2(0.8) Stealth
 + Level 2.7(2.3) Shields


You had 3 spell levels left.
You didn't know any spells.

Dungeon Overview and Level Annotations

Branches:
Dungeon (3/15)

Altars:
Ashenzari
Zin

Annotations:
D:3 Proton's ghost, weakling DDFi


Innate Abilities, Weirdness & Mutations

You cannot wear boots.
Your serpentine skin is tough (AC +1).
You have supernaturally acute eyesight.
Armour fits poorly on your strangely shaped body.
Your system is resistant to poisons.
You cover ground very slowly.
You have a slow metabolism.
You can spit poison.


Message History

You block Proton's ghost's attack.
Proton's ghost hits you but does no damage.
You closely miss Proton's ghost.
Proton's ghost is lightly damaged.
Proton's ghost hits you but does no damage.
You closely miss Proton's ghost.
Proton's ghost is lightly damaged.
You block Proton's ghost's attack. Proton's ghost hits you.
* * * LOW HITPOINT WARNING * * *
You hit Proton's ghost but do no damage.
Proton's ghost is lightly damaged.
Proton's ghost closely misses you.
You closely miss Proton's ghost.
Proton's ghost is lightly damaged.
You block Proton's ghost's attack.
You completely miss Proton's ghost.
Proton's ghost is lightly damaged.
Proton's ghost hits you but does no damage.
Proton's ghost hits you!
You die...

#..#.# #.#.#
#..#.# #....
#..#†# ###.#
#..#.# #.#
#..#.## #..
#.....# ###
#.....# #
###.####....#
#
.......@.####
###.##W#.#
..###.# #
#.## ## ####
#.# .. ....
.##.# #. #.)
.##.# . #.#
.##.# #.#
.##.#
######.#


You could see Proton's ghost.

Vanquished Creatures
  An adder (D:2)
  An ooze (D:1)
  A worm (D:2)
  A giant gecko (D:2)
  2 orcs (D:3)
  2 ball pythons
  5 bats
  3 giant cockroaches
  7 hobgoblins
  3 giant newts
  4 goblins
  5 kobolds
  2 rats
37 creatures vanquished.

Notes
Turn   | Place    | Note
--------------------------------------------------------------
     0 | D:1      | Proton the Naga Fighter began the quest for the Orb.
     0 | D:1      | Reached XP level 1. HP: 21/21 MP: 1/1
   251 | D:1      | Reached XP level 2. HP: 25/28 MP: 2/2
   877 | D:2      | Found a glowing silver altar of Zin.
   995 | D:2      | Reached XP level 3. HP: 25/34 MP: 3/3
  1167 | D:2      | Found a shattered altar of Ashenzari.
  1325 | D:3      | Reached skill level 1 in Stealth
  1438 | D:3      | Found a faded altar to an unknown god.
  1798 | D:3      | Reached XP level 4. HP: 37/42 MP: 4/4
  1808 | D:3      | Noticed Proton's ghost (weakling DDFi)
  1823 | D:3      | Slain by Proton's ghost

Vault maps used:
D:1:      dpeg_arrival_water_temple_mockup, minmay_curled_crystal,
          corexii_leaking_fountain
D:2:      zin_scriptorium, nicolae_overflow_crystal_walls
D:3:      ecumenical_altar_2

Action                   |  1- 3 |  4- 6 || total
-------------------------+-------+-------++-------
Melee: Long sword        |   157 |    13 ||   170
 Abil: Spit Poison       |       |     1 ||     1
  Eat: Meat ration       |     1 |       ||     1
